 Dungeon Crawl Stone Soup version 0.32-a0-42-ga30500b4d3 (webtiles) character file.

Game seed: 10568007605517979751

95 KKCryptic the Ruffian (level 4, -1/48 HPs)
             Began as a Demonspawn Shapeshifter on Sept 21, 2023.
             Slain by Sigmund
             ... wielding a +0 scythe
              (8 damage)
             ... on level 2 of the Dungeon on Jan 27, 2024.
             The game lasted 00:13:29 (1284 turns).

KKCryptic the Ruffian (Demonspawn Shapeshifter)     Turns: 1284, Time: 00:13:30

Health: -1/48      AC: 22    Str: 16    XL:     4   Next: 40%
Magic:  4/4        EV:  2    Int: 11    God:
Gold:   65         SH:  0    Dex: 13    Spells: 3/3 levels left

rFire   . .          .
                       - Unarmed
rCold   + . .        (no shield)
rNeg    . . .        i - melded +0 scale mail
rPois   +            p - melded +1 helmet
rElec   .            (cloak currently unavailable)
rCorr   .            (gloves currently unavailable)
SInv    .            (boots currently unavailable)
Will    .....        (no amulet)
Stlth   +            l - ring of protection from cold
HPRegen 0.28/turn    m - ring of flight
MPRegen 0.09/turn

%: no passive effects
@: tree-form
A: stationary, stasis, torment immunity, boosted hp, (hooves 1), (spiny 1),
(sturdy frame 1)
a: no special abilities


You were on level 2 of the Dungeon.
You were a tree.
You visited 1 branch of the dungeon, and saw 2 of its levels.

You collected 65 gold pieces.

Inventory:

Armour
 i - a +0 scale mail (melded)
 p - a +1 helmet (melded)
Jewellery
 l - a ring of protection from cold (left branch)
 m - a ring of flight (right branch)
 n - a ring of fire
Talismans
 c - a beast talisman (active)
 d - a flux talisman
Scrolls
 a - a scroll of teleportation {unknown}
 e - 4 scrolls of poison {unknown}
 f - 2 scrolls of identify {unknown}
 j - a scroll of fog {unknown}
 k - a scroll of torment {unknown}
 q - a scroll of vulnerability {unknown}
Potions
 g - a potion of enlightenment {unknown}
 h - a potion of resistance {unknown}
 o - 2 potions of might {unknown}


   Skills:
 - Level 1.0 Fighting
 - Level 1.7 Dodging
 + Level 3.9 Unarmed Combat
 + Level 3.7 Shapeshifting


You had 3 spell levels left.
You didn't know any spells.
Your spell library contained the following spells:

 Spells                   Type           Power      Damage    Failure   Level
 Slow                     Hex            0%         N/A       34%         1
 Confusing Touch          Hex            0%         N/A       71%         3
 Sigil of Binding         Hex            0%         N/A       71%         3
 Vampiric Draining        Necr           0%         2d6       71%         3


Dungeon Overview and Level Annotations

Branches:
Dungeon (2/15)

Altars:

Shops:
D:1 :

Annotations:
D:2 Sigmund


Innate Abilities, Weirdness & Mutations

You are a tree.
Your roots penetrate the ground, keeping you stationary.
You cannot be teleported.
You are immune to unholy pain and torment.
Your maximum health is greatly increased.
Your equipment is partially melded.
((You have large cloven feet.))
((You are partially covered in sharp spines.))
((Your movements are slightly less encumbered by armour. (ER -2)))


Message History

The puff of flame hits you! Sigmund casts a spell at you.
The magic dart hits you.
Sigmund points at you and mumbles some strange words.
The magic dart hits you.
Sigmund points at you and mumbles some strange words.
You are confused.
Sigmund closely misses you.
Sigmund mumbles some strange words.
Sigmund flickers and vanishes!
Deactivating autopickup; reactivate with Ctrl-A.
You bump into the rock wall.
Something hits you.
You're too confused to move!
You feel less confused.
You hit something. Your kick misses something. Something hits you!
You barely miss something. Your punch misses something.
Something hits you but does no damage.
You hit something. You hit something. Your kick misses something.
Something hits you!
* * * LOW HITPOINT WARNING * * *
You barely miss something.
Your transformation has ended.
Your +1 helmet unmelds from your body.
You turn into a tree.
Your +1 helmet melds into your body.
Your +0 scale mail melds into your body.
Your roots penetrate the ground.
Something hits you but does no damage.
You cannot move.
You miss something. Something hits you but does no damage.
You barely miss something. You hit something.
Something hits you but does no damage.
You barely miss something. Something hits you but does no damage.
You closely miss something. You closely miss something.
You hear some strange, mumbled words.
A puff of flame appears from out of thin air!
The puff of flame hits you.
* * * LOW HITPOINT WARNING * * *
You closely miss something. Something hits you!
You die...

#......#......##.##.†#.#
#......#...##..#.##.##.#
#......#...#..##.#..##.#
#......#.#.##.......##.##
......#.#....#.###.##.#.
......#.######.# #.##.#.
#...### #..# #.##.#.
##..{.###.## #.##.#.
##♣#..##.# ..##.##
#..##.#..# .###..#
#.###...###.# ##.. #.
#..##...# ##...
#####.....### #....
##.........$.###....
##.......####...#....
#.<.......# #.#....
#.........# #.....>


There were no monsters in sight!

Vanquished Creatures
  Robin (D:2)
  A gnoll (D:1)
  An adder (D:2)
  2 dart slugs
  2 bats
  7 endoplasms
  2 giant cockroaches (D:1)
  9 goblins
  7 hobgoblins
  4 jackals (D:1)
  3 kobolds
  6 quokkas
  3 ball pythons
  A frilled lizard (D:2)
  3 rats (D:1)
52 creatures vanquished.

Notes
Turn   | Place    | Note
-------+----------+-------------------------------------------
     0 | D:1      | KKCryptic the Demonspawn Shapeshifter began the quest for
                  | the Orb.
     0 | D:1      | Reached XP level 1. HP: 15/15 MP: 1/1
   175 | D:1      | Gained mutation: Your movements are slightly less
                  | encumbered by armour. (ER -2) [demonic ancestry]
   175 | D:1      | Reached XP level 2. HP: 21/21 MP: 2/2
   289 | D:1      | Gained mutation: You have large cloven feet. [demonic
                  | ancestry]
   289 | D:1      | Reached XP level 3. HP: 22/26 MP: 3/3
   303 | D:1      | Upgraded the game from 0.31-a0-806-g0bc164a743 to
                  | 0.32-a0-42-ga30500b4d3
   353 | D:1      | Found Vuarua Soim's Book Emporium.
   749 | D:2      | Noticed Sigmund
   941 | D:2      | Found a faded altar of an unknown god.
   959 | D:2      | Gained mutation: You are partially covered in sharp spines.
                  | [demonic ancestry]
   959 | D:2      | Reached XP level 4. HP: 32/32 MP: 4/4
  1096 | D:2      | Noticed Robin
  1112 | D:2      | Killed Robin
  1284 | D:2      | Slain by Sigmund

Illustrated notes

Levels and vault maps discovered:
D:1:      ncdulo_lavacross, layout_basic, serial_shops, shop,
          minmay_indecisive_spiral
D:2:      layout_rooms, hellmonk_ecumenical_altar_crossroads,
          minmay_pentomino_u2, uniq_sigmund, uniq_robin

Skill      XL: |  1  2 |
---------------+-------+-----
Unarmed Combat | 3 |  3.9
Shapeshifting  | 3 |  3.7
Fighting       | |  1.0
Dodging        | |  1.7

Action                     |  1- 3 |  4- 6 || total
---------------------------+-------+-------++-------
  Melee: Unarmed           |    97 |    32 ||   129
         Punch             |     4 |     1 ||     5
         Kick              |    10 |     6 ||    16
Ability: Begin Untransform |       |     1 ||     1
    Use: Potion            |       |     1 ||     1
   Stab: Distracted        |       |     1 ||     1
 Armour: Animal skin       |    25 |       ||    25
         Leather armour    |    14 |       ||    14
         Scale mail        |     6 |    22 ||    28
         Skin              |       |     6 ||     6
  Dodge: Dodged            |    36 |    11 ||    47
   Form: Beast             |       |     1 ||     1

Table legend: (Time is in decaauts)
 A = Elapsed time spent in this place.
 B = Non-inter-level travel time spent in this place.
 C = Inter-level travel time spent in this place.
 D = Time resting spent in this place.
 E = Time spent auto-exploring this place.
 F = Levels seen in this place.
 G = Mean time per level.
                   A        B        C        D        E       F      G
               +--------+--------+--------+--------+--------+-----+--------+
         Total |   1274 |   1232 |     42 |    114 |    505 |   2 |  637.0 |
       Dungeon |   1274 |   1232 |     42 |    114 |    505 |   2 |  637.0 |
               +--------+--------+--------+--------+--------+-----+--------+

Top non-repeatable levels by time:
     D:1: 781 daAuts
     D:2: 493 daAuts
